 Dungeon Sprint DCSS version 0.18-a0-1350-g404b4cb (webtiles) character file.

254 Kidiri the Covert (level 5, -3/26 (27) HPs)
             Began as a Spriggan Enchanter on Feb 19, 2016.
             Slain by a necrophage (7 damage)
             ... in the Dungeon (Sprint II: "The Violet Keep of Menkaure").
             The game lasted 00:03:05 (129 turns).

Kidiri the Covert (Spriggan Enchanter)               Turns: 129, Time: 00:03:06

HP:   -3/26 (27)    AC:  3    Str:  4      XL:     5   Next: 91%
MP:   15/15         EV: 23    Int: 17      God:
Gold: 243           SH:  0    Dex: 16 (17) Spells: 1 memorised, 16 levels left

rFire  . . .     SeeInvis +     a - +1 dagger
rCold  . . .     Gourm    .     b - +1 robe
rNeg   . . .     Faith    .     (shield restricted)
rPois  .         Spirit   .     (helmet restricted)
rElec  .         Dismiss  .     (no cloak)
rCorr  .         Reflect  .     (gloves unavailable)
SustAt .         Harm     .     (boots unavailable)
MR     .....     NoTele   +     (no amulet)
Stlth  +++++.....               (no ring)
                                (no ring)

@: very quick, not resistant to hostile enchantments, quite stealthy
A: unfitting armour, see invisible, herbivore 3, speed 3, slow metabolism 2
a: no special abilities


You were in the Dungeon.
You were not hungry.

You visited 1 branch You collected 243 gold pieces.

Inventory:

Hand Weapons
 a - a +1 dagger (weapon)
Armour
 b - a +1 robe (worn)
Scrolls
 j - a scroll of blinking
Potions
 g - a potion of haste
 h - 2 potions of magic
Books
 c - a book of Maledictions

   Spells                             Type                      Level
   a - Corona                         Hexes                        1
   b - Ensorcelled Hibernation        Hexes/Ice                    2
   c - Confuse                        Hexes                        3
   d - Tukima's Dance                 Hexes                        3
   e - Dazzling Spray                 Conjuration/Hexes            3
Comestibles
 d - a bread ration


   Skills:
 + Level 2.6 Fighting
 * Level 5.5 Short Blades
 + Level 2.5 Armour
 * Level 8.0 Dodging
 * Level 9.5 Stealth
 * Level 6.7 Spellcasting
 + Level 5.6 Hexes


You had 16 spell levels left.
You knew the following spells:

 Your Spells              Type           Power        Failure   Level  Hunger
a - Corona                Hex            ####...      1%          1    None


Dungeon Overview and Level Annotations

Branches:
Dungeon (1/1)

Altars:


Innate Abilities, Weirdness & Mutations

You are tiny and cannot use many weapons and most armour.
You have supernaturally acute eyesight.
You are an herbivore.
You cover ground extremely quickly.
You need consume almost no food.


Message History

The necrophage is moderately damaged.
The necrophage misses you.
You hit the necrophage.
The necrophage is moderately damaged.
The necrophage completely misses you.
You hit the necrophage but do no damage.
The necrophage is moderately damaged.
You barely miss the necrophage.
The necrophage is moderately damaged.
The necrophage misses you.
You hit the necrophage.
The necrophage is heavily damaged.
The necrophage hits you!
* * * LOW HITPOINT WARNING * * *
You hit the necrophage but do no damage.
The necrophage is heavily damaged.
You hit the necrophage but do no damage.
The necrophage is heavily damaged.
The necrophage hits you!
You die...

##+##
##...##
#..#@.#
##n#n##
##%##
##.##
+.<.+
##.##
#+#


You could see a necrophage.

Vanquished Creatures
  3 necrophages (D)
3 creatures vanquished.

Vanquished Creatures (others)
  A crocodile (D)
1 creature vanquished.

Grand Total: 4 creatures vanquished

Notes
Turn   | Place    | Note
--------------------------------------------------------------
     0 | D        | Kidiri the Spriggan Enchanter began the quest for the Orb.
     0 | D        | Reached XP level 1. HP: 9/9 MP: 5/5
     1 | D        | Noticed a necrophage
     1 | D        | Noticed a necrophage
     1 | D        | Noticed a necrophage
     1 | D        | Noticed a necrophage
    11 | D        | Killed a necrophage
    11 | D        | Reached skill level 1 in Fighting
    11 | D        | Reached skill level 1 in Armour
    11 | D        | Reached skill level 5 in Dodging
    11 | D        | Reached skill level 7 in Stealth
    11 | D        | Reached XP level 2. HP: 5/13 MP: 5/8
    11 | D        | Reached XP level 3. HP: 6/17 MP: 6/10
    11 | D        | Reached XP level 4. HP: 7/21 MP: 6/11
    19 | D        | HP: 1/31 [necrophage (4)]
    23 | D        | Killed a necrophage
    23 | D        | Reached skill level 8 in Stealth
    23 | D        | Reached skill level 5 in Hexes
    23 | D        | Reached XP level 5. HP: 1/25 MP: 6/14
    41 | D        | Killed a necrophage
    41 | D        | Reached skill level 5 in Short Blades
    41 | D        | Reached skill level 9 in Stealth
    50 | D        | Killed a crocodile
   129 | D        | Slain by a necrophage

Vault maps used:
D:        the_violet_keep_of_menkaure

Action                   |  1- 3 |  4- 6 || total
-------------------------+-------+-------++-------
Melee: Dagger            |     7 |    39 ||    46
 Cast: Corona            |       |     2 ||     2
  Use: Potion            |     1 |     2 ||     3
